 Dungeon Crawl Stone Soup version 0.29.1-12-g30fa7ad0bf (webtiles) character file.

Game seed: 578527181999638192

43 zlionsfan the Caller (level 3, -10/14 HPs)
             Began as a Felid Summoner on Jan 14, 2023.
             Killed by an exploding goblin (20 damage)
             ... ignited by their inner flame
             ... on level 2 of the Dungeon.
             The game lasted 00:06:15 (1701 turns).

zlionsfan the Caller (Felid Summoner)               Turns: 1701, Time: 00:06:16

Health: -10/14     AC:  1    Str:  4    XL:     3   Next: 37%
Magic:  5/7        EV: 17    Int: 18    God:
Gold:   111        SH:  0    Dex: 16    Spells: 3/6 levels left
                                        Lives:  0   Deaths: 0

rFire   . . .      SeeInvis +   (weapon unavailable)
rCold   . . .      Faith    .   (shield unavailable)
rNeg    . . .      Spirit   .   (body armour unavailable)
rPois   .          Reflect  .   (helmet unavailable)
rElec   .          Harm     .   (cloak unavailable)
rCorr   .          Rampage  .   (gloves unavailable)
Will    .....                   (boots unavailable)
Stlth   +++.......              (no amulet)
HPRegen 0.04/turn               n - ring of flight
MPRegen 0.10/turn               (no ring)

@: flying, quick
A: very small, claws 1, fangs 3, see invisible, speed 1, shaggy fur 1, stealthy
paws, no weapons or thrown items, no armour, multi-lived
a: no special abilities


You were on level 2 of the Dungeon.
You visited 1 branch of the dungeon, and saw 2 of its levels.

You collected 111 gold pieces.

Inventory:

Jewellery
 n - a ring of flight (left paw)
Wands
 m - a wand of polymorph (4)
Scrolls
 c - 2 scrolls of amnesia {unknown}
 d - 3 scrolls of immolation
 e - 2 scrolls of blinking {unknown}
 g - 2 scrolls of identify {unknown}
 h - a scroll of fog {unknown}
 i - a scroll of teleportation {unknown}
 j - a scroll of poison {unknown}
 k - a scroll of enchant weapon {unknown}
Potions
 a - a potion of magic
 b - a potion of lignification {unknown}
 f - a potion of attraction {unknown}
 l - 2 potions of curing {unknown}


   Skills:
 + Level 2.7 Dodging
 + Level 3.5 Stealth
 + Level 2.4 Spellcasting
 + Level 4.6 Summonings


You had 3 spell levels left.
You knew the following spells:

 Your Spells              Type           Power      Damage    Failure   Level
a - Summon Small Mammal   Summ           72%        N/A       2%          1
b - Call Imp              Summ           18%        N/A       3%          2

Your spell library contained the following spells:

 Spells                   Type           Power      Damage    Failure   Level
 Call Canine Familiar     Summ           18%        N/A       8%          3
 Summon Guardian Golem    Hex/Summ       10%        N/A       21%         3
 Summon Ice Beast         Ice/Summ       10%        N/A       54%         4
 Summon Lightning Spire   Summ/Air       10%        N/A       54%         4
 Summon Mana Viper        Hex/Summ       10%        N/A       88%         5
 Monstrous Menagerie      Summ           9%         N/A       100%        7


Dungeon Overview and Level Annotations

Branches:
Dungeon (2/15)

Altars:

Annotations:
D:2 Robin


Innate Abilities, Weirdness & Mutations

You have sharp claws.
You have razor-sharp teeth.
You have supernaturally acute eyesight. (SInv)
You cover ground quickly. (Speed+)
You are covered in fur. (AC +1)
Your paws help you pounce on unaware monsters.
You are incapable of wielding weapons or throwing items.
You cannot wear armour.
You gain extra lives every three experience levels.


Message History

The sling bullet barely misses you. The hobgoblin misses your bat.
Robin hits your crimson imp with a +0 club.
You barely miss the goblin.
The goblin is moderately wounded.
The goblin no longer looks unusually strong. x2
Your bat barely misses the hobgoblin.
Your bat barely misses the goblin.
Your bat hits the goblin. x2; Your crimson imp barely misses Robin.
Your bat closely misses the hobgoblin.
Your bat misses the goblin. The hobgoblin barely misses your bat.
Robin throws the goblin at you! The hobgoblin barely misses your bat.
The goblin hits your bat with a +0 club.
As you read the scroll labelled YCKUTEUKEU, it crumbles to dust.
The creatures around you are filled with an inner flame!
It was a scroll of immolation.
The hobgoblin no longer looks unusually strong.
Your bat barely misses the hobgoblin.
Your bat completely misses the hobgoblin.
Your bat closely misses the goblin.
Your bat misses the goblin.
Your crimson imp hits Robin but does no damage.
Your bat hits the hobgoblin but does no damage.
Your bat barely misses the goblin.
The goblin unwields a +0 sling.
The goblin wields a +0 club.
The goblin misses you.
The hobgoblin closely misses your bat. x2; The goblin closely misses you.
Robin roars a battlecry!
The goblins go into a battle-frenzy!
The goblin closely misses your bat.
Your bat hits the hobgoblin.
Flame seeps out of the hobgoblin.
Your bat barely misses the hobgoblin.
Your bat hits the goblin.
The goblin explodes!
The fiery explosion engulfs the hobgoblin!
The fiery explosion engulfs your bat!!!
Your bat's corpse disappears in a puff of smoke!
The fiery explosion engulfs your bat!!
Your bat's corpse disappears in a puff of smoke!
The fiery explosion engulfs the goblin!!!
The fiery explosion engulfs the goblin!!
The goblin explodes!
The fiery explosion engulfs you!!
Ouch! That really hurt!
You die...

# #.# #.# ######
####<#####....# # ##
#......##.....#.# .#
#.#....'....).#'#
.#### #....'..○§§...#
....#.#....g5g§§§§..#
....#.#....##.§§§§..#
....)......###..@...#
..))#.#..g## ########
....#......
##g#####g### ### ..g#
#.# #.# _#g# ##g##
#.# ...# ##...## #.#
...###....<##
###.####
##.##.......##
##.#....#


You could see Robin (inner flame, ally target), a hobgoblin (inner flame,
strong) and a friendly crimson imp (summoned, inner flame).

Vanquished Creatures
  A giant cockroach (D:2)
  4 goblins (D:2)
  2 hobgoblins (D:2)
  A ball python (D:2)
  A frilled lizard (D:1)
  A kobold (D:2)
10 creatures vanquished.

Vanquished Creatures (collateral kills)
  An adder (D:2)
  A dart slug (D:1)
  A ball python (D:1)
  An endoplasm (D:1)
  5 goblins (D:2)
  A hobgoblin (D:2)
  2 jackals (D:1)
  A quokka (D:2)
  A bat (D:2)
  6 kobolds
  3 rats (D:2)
23 creatures vanquished.

Vanquished Creatures (others)
  5 toadstools (D:2)
5 creatures vanquished.

Grand Total: 38 creatures vanquished

Notes
Turn   | Place    | Note
-------+----------+-------------------------------------------
     0 | D:1      | zlionsfan the Felid Summoner began the quest for the Orb.
     0 | D:1      | Reached XP level 1. HP: 7/7 MP: 4/4
   732 | D:1      | Reached XP level 2. HP: 11/11 MP: 3/6
   774 | D:1      | Learned a level 2 spell: Call Imp
  1023 | D:2      | Found a faded altar of an unknown god.
  1048 | D:2      | Noticed Robin
  1313 | D:2      | Reached XP level 3. HP: 14/14 MP: 4/7
  1701 | D:2      | Killed by an exploding goblin... ignited by their inner
                  | flame

Illustrated notes

Levels and vault maps discovered:
D:1:      heliophobic_arrival_glass_houses, layout_basic,
          minmay_tree_intersection
D:2:      cheibrodos_fertilizer, layout_loops_corners,
          ebering_ecumenical_altar_abandoned, grunt_ministairs_1,
          minmay_heptomino_l4, uniq_robin

Skill      XL: |  1  2 |
---------------+-------+-----
Stealth        | 3 |  3.5
Dodging        | |  2.7
Spellcasting   | |  2.4
Summonings     | |  4.6

Action                   || total
-------------------------++-------
Melee: Unarmed           ||    24
       Bite              ||     1
       Punch             ||     1
 Cast: Summon Small Mamm ||    33
       Call Imp          ||     3
  Use: Scroll            ||     1
 Stab: Sleeping          ||     2
Armor: Skin              ||     2
Dodge: Dodged            ||    32
